 Dungeon Crawl Stone Soup version 0.18.1-1-g2f07953 (webtiles) character file.

65 Gorice the Slasher (level 3, 0/27 HPs)
             Began as a Demonspawn Warper on May 7, 2016.
             Slain by a goblin
             ... wielding a +0 dagger
             ... led by Robin
              (2 damage)
             ... on level 1 of the Dungeon.
             The game lasted 00:10:12 (3970 turns).

Gorice the Slasher (Demonspawn Warper)              Turns: 3970, Time: 00:10:13

Health: 0/27       AC:  6    Str: 12    XL:     3   Next: 92%
Magic:  6/6        EV: 10    Int: 14    God:
Gold:   41         SH:  0    Dex: 12    Spells: 1 memorised, 5 levels left

rFire  . . .     SeeInvis .     a - +0 falchion
rCold  . . .     Gourm    .     j - +0 ring mail
rNeg   . . .     Faith    .     (no shield)
rPois  .         Spirit   .     (no helmet)
rElec  .         Dismiss  .     m - +0 cloak
rCorr  .         Reflect  .     (no gloves)
SustAt .         Harm     .     (no boots)
MR     .....                    k - amulet of inaccuracy (curse)
Stlth  +.........               (no ring)
                                (no ring)

@: not resistant to hostile enchantments, very unstealthy
A: powered by pain 2
a: no special abilities


You were on level 1 of the Dungeon.
You were not hungry.

You visited 1 branch of the dungeon, and saw 3 of its levels.

You collected 41 gold pieces.

Inventory:

Hand Weapons
 a - a +0 falchion (weapon)
 b - a +0 hunting sling of freezing
   (You found it on level 2 of the Dungeon)
Missiles
 l - 7 sling bullets
 Z - 31 stones (quivered)
Armour
 j - a +0 ring mail (worn)
 m - a +0 cloak (worn)
Jewellery
 k - a cursed amulet of inaccuracy (around neck)
Scrolls
 g - a scroll of recharging
 h - 5 scrolls of identify
 i - a scroll of amnesia
Potions
 e - a potion of brilliance {!q}
Books
 c - a book of Spatial Translocations
Comestibles
 d - 2 chunks of flesh
 f - 2 bread rations {!e}
 o - a meat ration {!e}


   Skills:
 - Level 2.0 Fighting
 * Level 3.9 Long Blades
 - Level 0.8 Throwing
 - Level 0.8 Armour
 - Level 1.7 Dodging
 - Level 2.0 Spellcasting
 - Level 2.6 Translocations


You had 5 spell levels left.
You knew the following spells:

 Your Spells              Type           Power        Failure   Level  Hunger
A - Apportation           Tloc           #.........   21%         1    ##.....


Dungeon Overview and Level Annotations

Branches:
Dungeon (3/15)

Altars:

Annotations:
D:1 Robin


Innate Abilities, Weirdness & Mutations

You sometimes gain power by taking damage.


Message History

Robin flexes a bicep menacingly.
Robin hits you with a mace. The goblin hits you with a dagger.
Damage: 9 (max 9)
You miss the goblin. Robin hits you with a mace.
* * * LOW HITPOINT WARNING * * *
The goblin hits you with a dagger.
* * * LOW HITPOINT WARNING * * *
Damage: 8 (max 9)
You closely miss the goblin. The goblin hits you with a dagger.
* * * LOW HITPOINT WARNING * * *
Robin barely misses you.
Damage: 4 (max 9)
You barely miss the goblin. The goblin hits you but does no damage.
Robin hits you but does no damage.
Unknown command.
Throwing (i - inventory. (,) - cycle):
X - 4 tomahawks of dispersal (quivered)
Press: ? - help, Shift-Dir - straight line, f - Robin
Aim: Robin, wielding a mace, wearing an animal skin and wearing a helmet You throw a tomahawk of dispersal.
The tomahawk of dispersal closely misses Robin.
The goblin hits you but does no damage. Robin hits you but does no damage.
Throwing (i - inventory. (,) - cycle):
X - 3 tomahawks of dispersal (quivered)
Press: ? - help, Shift-Dir - straight line, f/p - Robin
Aim: Robin, wielding a mace, wearing an animal skin and wearing a helmet You throw a tomahawk of dispersal.
The tomahawk of dispersal completely misses Robin.
The goblin hits you but does no damage. Robin hits you but does no damage.
The goblin hits you with a dagger.
* * * LOW HITPOINT WARNING * * *
Damage: 1 (max 9) Unknown command.
Throwing (i - inventory. (,) - cycle):
X - 2 tomahawks of dispersal (quivered)
Press: ? - help, Shift-Dir - straight line, f/p - Robin
Aim: Robin, wielding a mace, wearing an animal skin and wearing a helmet You throw a tomahawk of dispersal.
The tomahawk of dispersal misses Robin.
Robin says, "Duck!"
Robin hits you but does no damage. The goblin hits you with a dagger.
* * * LOW HITPOINT WARNING * * *
Damage: 1 (max 9) Unknown command.
Throwing (i - inventory. (,) - cycle):
X - a tomahawk of dispersal (quivered)
Press: ? - help, Shift-Dir - straight line, f/p - Robin
Aim: Robin, wielding a mace, wearing an animal skin and wearing a helmet You throw a tomahawk of dispersal.
The tomahawk of dispersal barely misses Robin.
The goblin completely misses you. Robin hits you but does no damage.
You closely miss the goblin. The goblin barely misses you.
Robin hits you but does no damage.
You barely miss the goblin. The goblin hits you with a dagger.
You die...

#.....#...#####..................
#######...........#########.####.
≈≈≈≈≈≈≈...........# ##.# ##
#######...........# #.)# #
#.....#...........# ###.## #
###.###........#.## #...# ###
..#.#..........#.# ##.### #..
#.#.#..........#g# ###..# #.#
#..............#@# #...## #.#
##.............#g####.#########.#
#............)>.................
##..############################
#..############################
#####..#..#.##...#......##.....
##..##.##.##....#....#...#.
#..##.#.#...##...##....##..
#######..###.#.....#.#........


You could see Robin and a goblin.

Vanquished Creatures
  A worm (D:2)
  A dart slug (D:1)
  2 giant geckos (D:2)
  5 bats
  A giant cockroach (D:1)
  12 hobgoblins
  6 jackals (D:2)
  4 giant newts
  8 goblins
  6 kobolds
  5 rats
51 creatures vanquished.

Notes
Turn   | Place    | Note
--------------------------------------------------------------
     0 | D:1      | Gorice the Demonspawn Warper began the quest for the Orb.
     0 | D:1      | Reached XP level 1. HP: 16/16 MP: 3/3
    36 | D:1      | HP: 4/16 [hobgoblin/club (1)]
    36 | D:1      | HP: 1/16 [hobgoblin/club (3)]
    37 | D:1      | Reached skill level 2 in Long Blades
   612 | D:1      | Gained mutation: You sometimes gain a little power by taking damage. [demonic ancestry]
   612 | D:1      | Reached XP level 2. HP: 22/22 MP: 5/5
  1055 | D:2      | Reached skill level 3 in Long Blades
  1189 | D:2      | HP: 6/22 [giant gecko (4)]
  1575 | D:2      | Gained mutation: You sometimes gain power by taking damage. [demonic ancestry]
  1575 | D:2      | Reached XP level 3. HP: 24/27 MP: 6/6
  3030 | D:3      | Noticed Robin
  3260 | D:2      | HP: 8/27 [poisoned by a kobold]
  3266 | D:2      | HP: 7/27 [poisoned by a kobold]
  3274 | D:2      | HP: 6/27 [poisoned by a kobold]
  3590 | D:3      | HP: 7/27 [goblin/dagger[Robin] (2)]
  3962 | D:1      | HP: 8/27 [goblin/dagger[Robin] (5)]
  3966 | D:1      | HP: 3/27 [goblin/dagger[Robin] (1)]
  3970 | D:1      | Slain by a goblin

Skill      XL: |  1  2 |
---------------+-------+-----
Long Blades    | 2 3 |  3.9
Fighting       | |  2.0
Throwing       | |  0.8
Armour         | |  0.8
Dodging        | |  1.7
Spellcasting   | |  2.0
Translocations | |  2.6

Action                   || total
-------------------------++-------
Melee: Falchion          ||   251
 Fire: Hunting sling     ||    24
Throw: Tomahawk          ||     5
  Use: Scroll            ||     6
  Eat: Chunk             ||    10
Armor: Leather armour    ||     4
       Ring mail         ||   110
Dodge: Dodged            ||   136

Table legend:
 A = Turns spent in this place as a percentage of turns spent in the entire game.
 B = Non-inter-level travel turns spent in this place as a percentage of non-inter-level travel turns spent in the entire game.
 C = Inter-level travel turns spent in this place as a percentage of turns spent in this place.
 D = Turns resting spent in this place as a percentage of non-inter-level travel turns spent in this place.
 E = Turns spent auto-exploring this place as a percentage of non-inter-level travel turns spent in this place.
 F = Non-inter-level travel turns spent in this place divided by the number of levels of this place that you've seen.
                   A       B       C       D       E      F
               +-------+-------+-------+-------+-------+----------------------
         Total | 100.0 | 100.0 |   0.8 |   4.4 |   5.2 | 300.7
       Dungeon | 100.0 | 100.0 |   0.8 |   4.4 |   5.2 | 300.7
               +-------+-------+-------+-------+-------+----------------------

Vault maps used:
D:1:      erik_arrival_cave_to_civilisation, grunt_decor_cap
D:3:      lemuel_coloured_pillars_altar, tso_metal_star, uniq_robin
